 Dungeon Crawl Stone Soup version 0.30-a0-626-gd6a5dd7a1f (webtiles) character file.

Game seed: 17928074040846479958

320 Bnni the Vexing (level 6, -2/46 HPs)
             Began as a Formicid Hexslinger on Jan 11, 2023.
             Slain by an iguana (6 damage)
             ... on level 3 of the Dungeon.
             The game lasted 00:08:38 (2886 turns).

Bnni the Vexing (Formicid Hexslinger)               Turns: 2886, Time: 00:08:38

Health: -2/46      AC:  2    Str: 14    XL:     6   Next: 75%
Magic:  1/9        EV: 12    Int: 15    God:
Gold:   118        SH:  0    Dex: 14    Spells: 1/9 levels left

rFire   . . .      SeeInvis +    l - +5 Force Lance {heavy, knockback}
rCold   . . .      Faith    .    (no shield)
rNeg    . . .      Spirit   .    c - +0 robe
rPois   .          Reflect  .    (helmet unavailable)
rElec   .          Harm     .    (no cloak)
rCorr   .          Rampage  .    (no gloves)
Will    .....                    (no boots)
Stlth   +                        j - amulet of magic regeneration
HPRegen 0.27/turn                (no ring)
MPRegen 0.51/turn                (no ring)

@: very slightly contaminated
A: permanent stasis, dig shafts and tunnels, antennae 3, four strong arms
a: Dig, Shaft Self


You were on level 3 of the Dungeon.
You visited 1 branch of the dungeon, and saw 4 of its levels.

You collected 118 gold pieces.

Inventory:

Hand Weapons
 a - a +1 sling
 i - a +0 dagger of venom
 l - the +5 Force Lance (weapon) {heavy, knockback}
   (You took it off a hobgoblin on level 3 of the Dungeon)

   It sometimes knocks back enemies it hits.
Armour
 c - a +0 robe (worn)
Jewellery
 j - an amulet of magic regeneration (around neck)
Scrolls
 b - a scroll of poison
 e - a scroll of fear {unknown}
 h - 3 scrolls of enchant weapon {unknown}
 k - a scroll of identify
Potions
 d - 2 potions of curing
 f - a potion of invisibility
 g - a potion of heal wounds


   Skills:
 + Level 2.5 Fighting
 * Level 3.7 Ranged Weapons
 - Level 1.7 Dodging
 + Level 2.2 Spellcasting
 * Level 5.2 Hexes
 + Level 0.2 Translocations
 * Level 2.8 Fire Magic


You had one spell level left.
You knew the following spells:

 Your Spells              Type           Power      Damage    Failure   Level
a - Slow                  Hex            68%        N/A       2%          1
b - Inner Flame           Hex/Fire       13%        N/A       12%         3
c - Cause Fear            Hex            8%         N/A       26%         4

Your spell library contained the following spells:

 Spells                   Type           Power      Damage    Failure   Level
 Portal Projectile        Hex/Tloc       18%        N/A       22%         3
 Gell's Gravitas          Tloc           2%         N/A       52%         3
 Lesser Beckoning         Tloc           4%         N/A       52%         3
 Teleport Other           Tloc           2%         N/A       52%         3


Dungeon Overview and Level Annotations

Branches:
Dungeon (4/15)
 Temple: D:4-7

Altars:
Elyvilon

Shops:
D:2 ?   D:3 [

Annotations:
D:4 Edmund


Innate Abilities, Weirdness & Mutations

You cannot be hasted, slowed, berserked, paralysed or teleported.
You can dig through walls and to a lower floor.
You have a pair of large antennae on your head. (SInv)
Your four strong arms can wield two-handed weapons with a shield.


Message History

Aiming: Slow (safe; 2% risk of failure)
Press: ? - help, Shift-Dir - straight line, f/p - iguana
Aim: an iguana (chance to affect: 59%)
The iguana resists with significant effort.
The iguana bites you!
* * * LOW HITPOINT WARNING * * *
The orc barely misses you.
Okay, then.
Casting: Slow (safe; 2% risk of failure)
Confirm with . or Enter, or press ? or * to list all spells.
Aiming: Slow (safe; 2% risk of failure)
Press: ? - help, Shift-Dir - straight line, f/p - iguana
Aim: an iguana (chance to affect: 59%)
Okay, then.
Unknown command.
Casting: Slow (safe; 2% risk of failure)
Confirm with . or Enter, or press ? or * to list all spells.
The spell is quite dangerous to miscast (26% risk of failure)!
Continue anyway?
Casting: Cause Fear (quite dangerous; 26% risk of failure)
Press: ? - help, Dir - look around, f - activate You miscast Cause Fear.
You are very lightly contaminated with residual magic.
You feel off-balance for a moment.
Your stasis prevents you from being slowed.
The iguana misses you. The orc hits you with a +0 club.
* * * LOW HITPOINT WARNING * * *
Casting: Cause Fear (quite dangerous; 26% risk of failure)
Confirm with . or Enter, or press ? or * to list all spells.
Aiming: Slow (safe; 2% risk of failure)
Press: ? - help, Shift-Dir - straight line, f - iguana
Aim: an iguana (chance to affect: 59%)
Okay, then.
Casting: Slow (safe; 2% risk of failure)
Confirm with . or Enter, or press ? or * to list all spells.
The spell is quite dangerous to miscast (26% risk of failure)!
Continue anyway?
Casting: Cause Fear (quite dangerous; 26% risk of failure)
Press: ? - help, Dir - look around, f - activate The iguana resists with almost no effort.
The orc looks frightened! x2; The iguana bites you.
You die...

###.###...#..#######.###
#...###.............>### ###.#
####)########..... #.###
#.....#####.##. ##### #...#
#####...# #.... ....# ###.##
###<# ###.. ....# #..## #.# ##...
....# ##..## #.###..## ....####
##@o#######.....###
.......##########l#.......#####
....##.....##....o..###..###
....#####..................######
....#.....#######.##...###.......
....####..#######....### ########
.....####.).....###..# ......#
#######.###..# ......# #..##..##


You could see an iguana and 2 orcs.

Vanquished Creatures
  An ogre (D:3)
  A scorpion (D:3)
  A hound (D:3)
  An orc wizard (D:4)
  3 adders
  A gnoll (D:1)
  2 dart slugs (D:1)
  10 orcs
  2 ball pythons (D:1)
  8 bats
  5 endoplasms
  3 giant cockroaches
  7 goblins
  11 hobgoblins
  7 kobolds
  2 quokkas
  2 frilled lizards
  4 rats
71 creatures vanquished.

Notes
Turn   | Place    | Note
-------+----------+-------------------------------------------
     0 | D:1      | Bnni the Formicid Hexslinger began the quest for the Orb.
     0 | D:1      | Reached XP level 1. HP: 15/15 MP: 2/2
    53 | D:1      | Reached XP level 2. HP: 21/21 MP: 3/3
   172 | D:1      | Reached skill level 1 in Fire Magic
   293 | D:1      | Reached skill level 4 in Hexes
   296 | D:1      | Reached XP level 3. HP: 26/26 MP: 4/4
   300 | D:1      | Learned a level 3 spell: Inner Flame
   768 | D:2      | Reached XP level 4. HP: 32/32 MP: 6/6
  1094 | D:2      | Found a white marble altar of Elyvilon.
  1248 | D:2      | Found The Oracle's Delphic Readings.
  1562 | D:3      | Found Nafieh's Armour Emporium.
  1862 | D:3      | Noticed an ogre
  2201 | D:3      | Killed an ogre
  2202 | D:3      | Reached XP level 5. HP: 15/38 MP: 0/7
  2385 | D:3      | Found a faded altar of an unknown god.
  2438 | D:3      | Reached skill level 5 in Hexes
  2438 | D:3      | Reached XP level 6. HP: 22/44 MP: 7/9
  2444 | D:3      | Learned a level 4 spell: Cause Fear
  2726 | D:4      | Noticed Edmund
  2886 | D:3      | Slain by an iguana

Illustrated notes

Levels and vault maps discovered:
D:1:      dpeg_arrival_court, layout_rooms, hangedman_decor_points
D:2:      layout_loops_corners, basic_altar, nicolae_nh_oracle_at_delphi
D:3:      layout_rooms, serial_shops, shop, chequers_ecumenical_altar_simple
D:4:      layout_cave_pools, nicolae_uskayaw_en_pointe, uniq_edmund

Skill      XL: |  1  2  3  4  5 |
---------------+----------------+-----
Fire Magic     | 1 2 |  2.8
Hexes          | 4 5 |  5.2
Fighting       | 2 |  2.5
Ranged Weapons | 3 |  3.7
Spellcasting   | 2 |  2.2
Dodging        | |  1.7
Translocations | |  0.2

Action                   |  1- 3 |  4- 6 || total
-------------------------+-------+-------++-------
Melee: Dagger            |       |    15 ||    15
       Punch             |       |     3 ||     3
       Lance             |       |    14 ||    14
 Fire: Sling             |   100 |   105 ||   205
 Cast: Slow              |     3 |    11 ||    14
       Inner Flame       |       |     4 ||     4
       Cause Fear        |       |     1 ||     1
  Use: Scroll            |       |     5 ||     5
Armor: Robe              |     8 |     9 ||    17
Dodge: Dodged            |    28 |    41 ||    69

Table legend: (Time is in decaauts)
 A = Elapsed time spent in this place.
 B = Non-inter-level travel time spent in this place.
 C = Inter-level travel time spent in this place.
 D = Time resting spent in this place.
 E = Time spent auto-exploring this place.
 F = Levels seen in this place.
 G = Mean time per level.
                   A        B        C        D        E       F      G
               +--------+--------+--------+--------+--------+-----+--------+
         Total |   2946 |   2809 |    137 |    530 |   1607 |   4 |  736.5 |
       Dungeon |   2946 |   2809 |    137 |    530 |   1607 |   4 |  736.5 |
               +--------+--------+--------+--------+--------+-----+--------+

Top non-repeatable levels by time:
     D:3: 1134 daAuts
     D:2: 1042 daAuts
     D:1: 664 daAuts
     D:4: 106 daAuts
